 Dungeon Crawl Stone Soup version 0.24-a0-228-g05560da (console) character file.

Game seed: 798879467201501051

240 bli the Slasher (level 5, -5/45 HPs)
             Began as a Draconian Fighter on Apr 1, 2019.
             Was an Initiate of Wu Jian.
             Slain by a bullfrog (9 damage)
             ... on level 6 of the Dungeon.
             The game lasted 00:04:43 (1832 turns).

bli the Slasher (Draconian Fighter)                 Turns: 1832, Time: 00:04:44

Health: -5/45      AC:  5    Str: 18    XL:     5   Next: 79%
Magic:  5/5        EV: 11    Int:  9    God:    Wu Jian [......]
Gold:   99         SH:  9    Dex: 11    Spells: 4/4 levels left

rFire    . . .     SeeInvis .   a - +0 long sword
rCold    . . .     Gourm    .   b - +0 shield
rNeg     . . .     Faith    .   (armour unavailable)
rPois    .         Spirit   .   (helmet restricted)
rElec    .         Reflect  .   (no cloak)
rCorr    .         Harm     .   (no gloves)
MR       .....                  (no boots)
Stlth    +.........             (no amulet)
HPRegen  0.15/turn              (no ring)
MPRegen  0.09/turn              (no ring)

@: no status effects
A: unfitting armour, cold-blooded, AC +5
a: Renounce Religion


You were on level 6 of the Dungeon.
You worshipped Wu Jian.
Wu Jian was noncommittal.
You were not hungry.

You visited 1 branch of the dungeon, and saw 4 of its levels.

You collected 99 gold pieces.

Inventory:

Hand Weapons
 a - a +0 long sword (weapon)
 v - a cursed -3 hunting sling
Missiles
 g - 101 stones (quivered)
 l - 5 needles of sleeping
 p - 20 arrows
Armour
 b - a +0 shield (worn)
Jewellery
 q - an uncursed ring of see invisible {unknown}
Scrolls
 f - 2 scrolls of teleportation {unknown}
 h - a scroll of random uselessness {unknown}
 k - 5 scrolls of identify {unknown}
 m - a scroll of fear {unknown}
 n - a scroll of enchant armour {unknown}
 u - a scroll of remove curse {unknown}
Potions
 c - a potion of might
 e - a potion of mutation {unknown}
 i - a potion of flight {unknown}
 j - a potion of cancellation {unknown}
 o - a potion of heal wounds {unknown}
 r - a potion of curing {unknown}
 s - a potion of brilliance {unknown}
 t - a potion of degeneration {unknown}
Comestibles
 d - 4 rations
 w - 2 chunks of flesh


   Skills:
 + Level 3.4 Fighting
 * Level 4.8 Long Blades
 + Level 4.2 Dodging
 + Level 3.0 Shields


You had 4 spell levels left.
You didn't know any spells.
Your spell library was empty.

Dungeon Overview and Level Annotations

Branches:
Dungeon (3/15)

Altars:
Kikubaaqudgha
Vehumet
Wu Jian

Annotations:
D:6 Prince Ribbit


Innate Abilities, Weirdness & Mutations

Your plain brown scales are hard. (AC +5)
You cannot fit into any form of body armour.
You are cold-blooded and may be slowed by cold attacks.


Message History

The bullfrog is moderately wounded.
You block the bullfrog's attack. The bullfrog hits you.
Prince Ribbit blinks!
You closely miss the bullfrog.
The bullfrog is moderately wounded.
You block the bullfrog's attack. The bullfrog hits you.
* * * LOW HITPOINT WARNING * * *
Your shield prevents you from hitting the bullfrog.
Your tail-slap misses the bullfrog.
The bullfrog is moderately wounded.
The bullfrog hits you.
* * * LOW HITPOINT WARNING * * *
The bullfrog hits you.
* * * LOW HITPOINT WARNING * * *
You hit the bullfrog.
The bullfrog is heavily wounded.
The bullfrog closely misses you.
You closely miss the bullfrog.
The bullfrog is heavily wounded.
The bullfrog closely misses you. The bullfrog hits you!
You die...

......##............
......#....#...#...<
..........###..##....
........##.....# ..
...............#.
#..................
......>.............
#......F.##.........
#......5.....#......
.....#F#.####......
.....#@#..# ......
............... ..
.........#.....
..........(.##..
..#........## . #
###.....## .......
.........


You could see Prince Ribbit, a bullfrog and a crimson imp.

Vanquished Creatures
  Sigmund (D:2)
  Jessica (D:2)
  An adder (D:2)
  An ooze (D:2)
  2 worms (D:2)
  2 leopard geckos
  A ball python (D:2)
  8 bats
  2 giant cockroaches (D:2)
  3 hobgoblins
  2 jackals (D:2)
  A quokka (D:2)
  2 frilled lizards (D:1)
  3 goblins
  6 kobolds
  A rat (D:3)
  A plant (D:2)
38 creatures vanquished.

Notes
Turn   | Place    | Note
-------+----------+-------------------------------------------
     0 | D:1      | bli the Draconian Fighter began the quest for the Orb.
     0 | D:1      | Reached XP level 1. HP: 19/19 MP: 1/1
   145 | D:1      | Reached XP level 2. HP: 17/26 MP: 2/2
   814 | D:2      | Reached XP level 3. HP: 26/31 MP: 3/3
   924 | D:2      | Noticed Sigmund
   941 | D:2      | Killed Sigmund
   941 | D:2      | Reached XP level 4. HP: 7/38 MP: 4/4
   941 | D:2      | Reached XP level 5. HP: 8/45 MP: 5/5
   975 | D:2      | Noticed Jessica
  1190 | D:2      | Killed Jessica
  1385 | D:2      | Found an ancient bone altar of Kikubaaqudgha.
  1386 | D:2      | Found a radiant altar of Vehumet.
  1386 | D:2      | Found an ornate altar of the Wu Jian Council.
  1421 | D:2      | Became a worshipper of the Wu Jian Council
  1804 | D:3      | You fall through a shaft for 3 floors!
  1821 | D:6      | Noticed Prince Ribbit
  1832 | D:6      | Slain by a bullfrog

Levels and vault maps discovered:
D:1:      dpeg_arrival_three_bigger_balls, layout_basic
D:2:      layout_basic, gammafunk_temple_overflow_forgotten, uniq_jessica,
          uniq_sigmund
D:3:      layout_loops_ring, first_ration
D:6:      layout_cave_pools, portal_sewer_entry_d, dk_vineyard_2,
          uniq_prince_ribbit1, uniq_menkaure

Skill      XL: |  1  2  3 |
---------------+----------+-----
Dodging        | 3 4 |  4.2
Long Blades    | 4 |  4.8
Fighting       | |  3.4
Shields        | |  3.0

Action                   |  1- 3 |  4- 6 || total
-------------------------+-------+-------++-------
Melee: Long sword        |    65 |    85 ||   150
       Tailslap          |     7 |    19 ||    26
Throw: Stone             |     1 |       ||     1
Invok: Lunge             |       |     3 ||     3
 Stab: Sleeping          |     1 |     2 ||     3
  Eat: Chunk             |       |     3 ||     3
Armor: Skin              |    25 |    12 ||    37
Dodge: Dodged            |    22 |    36 ||    58
Block: Shield            |    28 |    21 ||    49
       Rpst.: Long sword |     6 |     9 ||    15

Table legend:
 A = Non-vault XP
 B = Vault XP
 C = Vault XP percentage of total XP
 D = Non-vault monster count
 E = Vault monster count
 F = Vault count percentage of total count
                 A         B        C        D         E       F
            +---------+---------+-------+---------+---------+-------
      Total |      86 |     257 |  74.9 |      35 |       2 |   5.4
            +---------+---------+-------+---------+---------+-------
        D:1 |      22 |       0 |   0.0 |      14 |       0 |   0.0
        D:2 |      53 |     257 |  82.9 |      15 |       2 |  11.8
        D:3 |       8 |       0 |   0.0 |       5 |       0 |   0.0
        D:6 |       3 |       0 |   0.0 |       1 |       0 |   0.0
            +---------+---------+-------+---------+---------+-------
